AoeStats
← Thomas the Train

Arena

509209118Analyzed
4v4 RM · 6d ago on Sep 25, 2026· 37m 26s· 8 players
Game mode
Random Map
Map size
Large (8 player)
Population
200
Speed
Normal
Resources
Standard
Victory
Conquest
Starting age
Dark Age
Ending age
Imperial Age
RankedLock teamsTeams togetherTeam positionsShared explorationLock speedFull tech treeHidden civsTurbo modeCheats
Victory
Defeat
🇵🇪 Hindustanis · Peru
1447
+8
🇦🇷 Spanish · Argentina
1421
+9
🇮🇳 Turks · India
1358
+11
🇹🇼 Teutons · Taiwan
1339
+12
🇺🇸 Bulgarians · United States
1424
-16
🇺🇸 Sicilians · United States
1294
-11
🇺🇸 Wu · United States
1223
-9
🇺🇸 Franks · United States
1057
-4
_HerculePoirot_
11:00 Feudal Age
15:44 Castle Age
13:56 Double-Bit Axe
14:08 Horse Collar
16:44 Bow Saw
16:48 Heavy Plow
18:41 Loom
22:13 Town Watch
24:46 Wheelbarrow
25:42 Gold Mining
25:43 Stone Mining
31:13 Imperial Age
29:08 Scale Barding Armor
29:13 Forging
29:54 Bloodlines
29:44 Husbandry
30:20 Chain Barding Armor
30:59 Gold Shaft Mining
31:17 Iron Casting
31:09 Masonry
30:39 Treadmill Crane
31:23 Ballistics
31:47 Hand Cart
31:38 Heavy Camel Rider
32:49 Bombard Tower
32:53 Conscription
33:57 Plate Barding Armor
34:23 Blast Furnace
35:27 Architecture
34:53 Murder Holes
34:39 Treadmill Crane
35:50 Artillery
yenyang
11:15 Feudal Age
12:17 Loom
15:15 Castle Age
13:39 Horse Collar
16:55 Heavy Plow
17:51 Double-Bit Axe
21:57 Bow Saw
24:12 Wheelbarrow
28:38 Imperial Age
26:39 Forging
26:53 Scale Mail Armor
27:16 Ironclad
26:55 Gold Mining
26:55 Pikeman
28:28 Chain Mail Armor
28:08 Stone Mining
29:53 Iron Casting
29:20 Squires
29:58 Crop Rotation
30:54 Two-Man Saw
29:26 Capped Ram
30:51 Plate Mail Armor
31:24 Ballistics
30:56 Town Watch
31:29 Hand Cart
32:34 Blast Furnace
31:46 Gambesons
33:15 Chemistry
32:45 Padded Archer Armor
34:41 Leather Archer Armor
34:45 Town Patrol
34:16 Elite Teutonic Knight
35:14 Guilds
36:15 Ring Archer Armor
36:10 Conscription
36:46 Fletching
36:52 Halberdier
37:34 Bodkin Arrow
Meliod27
11:09 Feudal Age
14:55 Castle Age
13:26 Double-Bit Axe
13:22 Horse Collar
15:52 Bow Saw
20:43 Wheelbarrow
21:40 Hand Cart
23:41 Loom
27:12 Imperial Age
24:29 Town Watch
24:45 Heavy Plow
24:40 Gold Mining
24:42 Stone Mining
26:20 Fletching
26:41 Forging
26:36 Scale Barding Armor
27:35 Gold Shaft Mining
27:17 Grand Trunk Road
28:19 Conscription
27:59 Shatagni
27:25 Light Cavalry
28:12 Husbandry
28:22 Bloodlines
27:42 Heavy Camel Rider
29:40 Chemistry
30:27 Chain Barding Armor
30:42 Iron Casting
30:38 Padded Archer Armor
31:28 Shatagni
33:42 Coinage
34:10 Masonry
36:52 Plate Barding Armor
Chauchh
9:24 Feudal Age
14:15 Castle Age
13:02 Horse Collar
16:52 Double-Bit Axe
18:32 Gold Mining
18:49 Fletching
20:56 Bodkin Arrow
22:47 Loom
24:48 Padded Archer Armor
30:09 Leather Archer Armor
29:57 Stone Mining
31:51 Bloodlines
31:42 Husbandry
33:00 Wheelbarrow
34:52 Bow Saw
34:43 Heavy Plow
35:19 Stone Shaft Mining
Thomas the Train
11:00 Feudal Age
14:44 Castle Age
17:04 Double-Bit Axe
17:35 Loom
20:50 Horse Collar
21:48 Bow Saw
21:50 Town Watch
28:27 Imperial Age
26:14 Squires
26:00 Gambesons
26:34 Scale Mail Armor
27:45 Wheelbarrow
27:17 Arson
27:49 Chain Mail Armor
27:44 Forging
28:27 Fletching
28:44 Capped Ram
29:37 Bodkin Arrow
30:53 Plate Mail Armor
30:59 Iron Casting
30:46 Siege Ram
32:06 Pikeman
34:09 Ballistics
33:41 Halberdier
38:17 Blast Furnace
37:21 Bracer
SpacyBabushka
11:09 Feudal Age
15:13 Castle Age
13:45 Double-Bit Axe
16:28 Horse Collar
17:27 Bow Saw
17:22 Loom
22:34 Wheelbarrow
22:11 Town Watch
23:02 Town Patrol
28:16 Imperial Age
28:48 Hand Cart
28:40 Heavy Plow
29:38 Guilds
29:58 Treadmill Crane
29:45 Pikeman
31:39 Halberdier
36:09 Gold Mining
UxorialBadger60
11:15 Feudal Age
10:25 Loom
15:39 Castle Age
13:42 Horse Collar
15:26 Double-Bit Axe
21:25 Fletching
29:05 Imperial Age
27:07 Gold Mining
27:28 Heavy Plow
27:39 Bow Saw
27:58 Stone Mining
30:00 Bodkin Arrow
30:55 Conscription
30:52 Scale Barding Armor
30:57 Forging
31:28 Bloodlines
31:19 Husbandry
31:12 Cavalier
34:42 Chain Barding Armor
35:27 Iron Casting
JasminePronk
2:30 Loom
12:00 Feudal Age
17:47 Castle Age
16:43 Double-Bit Axe
20:17 Wheelbarrow
22:03 Hand Cart
25:34 Gold Mining
26:53 Scale Barding Armor
27:00 Forging
28:54 Elite Skirmisher
29:39 Padded Archer Armor
29:29 Fletching
32:00 Husbandry
34:35 Imperial Age
32:38 Bow Saw
33:04 Leather Archer Armor
34:18 Ballistics
37:30 Chemistry
Connection lost

Rejoining the realm…

Still unreachable

The connection could not be restored.

Session expired

The server has moved on; the page needs a fresh start.